 Dungeon Crawl Stone Soup version 0.32-a0-35-gd9ff480968 (webtiles) character file.

Game seed: 6948280498863703310

2059787 Ge0ff the Bringer of Life (level 27, 233/233 HPs)
             Began as a Merfolk Conjurer on Jan 22, 2024.
             Was the Champion of Elyvilon.
             Escaped with the Orb
             ... and 4 runes
             ... and 2 gems on Jan 23, 2024!
             The game lasted 03:36:11 (104220 turns).

Ge0ff the Bringer of Life (Merfolk Conjurer)      Turns: 104220, Time: 03:36:11

Health: 233/233    AC: 17    Str:  8    XL:     27
Magic:  46/46      EV: 17    Int: 38    God:    Elyvilon [******]
Gold:   430        SH: 14    Dex: 12    Spells: 18/65 levels left

rFire   + . .        a - staff "Cuata" {Fly rElec rF+ Will- Fire Ice}
rCold   + . .        x - +3 buckler {reflect}
rNeg    . . .        M - +3 troll leather armour {Snorg}
rPois   .            r - +1 helmet {Int+3}
rElec   +            t - +0 cloak {Will+}
rCorr   .            Y - +1 pair of gloves
SInv    .            Q - +3 pair of mountain boots {steadfast, rC+}
Will    ++++.        f - amulet of Imoega {Reflect Will++ SH+5 Stlth+}
Stlth   ++           G - +6 ring of intelligence
HPRegen 1.38/turn    p - ring of wizardry {=R}
MPRegen 0.30/turn

%: reflection, wizardry (x1)
@: flying, studying 2 skills
A: (nimble swimmer 2), mertail, deformed body, dopey 1, wild magic 1
0: Orb of Zot
}: 4/15 runes: serpentine, barnacled, slimy, silver
a: Renounce Religion, Purification, Heal Other, Heal Self, Divine Vigour


You escaped.
You worshipped Elyvilon.
Elyvilon was exalted by your worship.
You visited 12 branches of the dungeon, and saw 56 of its levels.
You visited 2 bazaars.
You also visited: Trove, Bailey and Ice Cave.

You collected 10824 gold pieces.
You spent 10394 gold pieces at shops.

Inventory:

Hand Weapons
 b - the +5 spear "Anoko" {venom, rF+ rN+ rCorr Int+3}
   (You bought it in a shop on level 1 of the Shoals)

   Int+3:     It affects your intelligence (+3).
   rF+:       It protects you from fire.
   rN+:       It protects you from negative energy.
   rCorr:     It protects you from acid and corrosion.
Missiles
 g - 12 throwing nets {=F}
 v - 9 curare-tipped darts {=F}
 w - 12 silver javelins
 D - 18 javelins
Armour
 r - a +1 helmet of intelligence (worn)
 t - a +0 cloak of willpower (worn)
 x - a +3 buckler of reflection (worn)
 M - a +3 troll leather armour (worn) {Snorg}
 Q - the +3 pair of mountain boots (worn) {steadfast, rC+}
   (You found it on level 4 of the Shoals)

   Steadfast: It prevents involuntary movement, except for blinking,
   teleportation, or banishment.
   rC+:       It protects you from cold.
 Y - a +1 pair of gloves (worn)
Magical Staves
 a - the staff "Cuata" (weapon) {Fly rElec rF+ Will- Fire Ice}
   (You found it on level 4 of the Shoals)

   [staff of fire]

   Base accuracy: +5 Base damage: 5 Base attack delay: 1.2 This weapon's minimum
   attack delay (0.6) is reached at skill level 12.
   rF+:       It protects you from fire.
   rElec:     It insulates you from electricity.
   Will-:     It decreases your willpower.
   Fly:       It grants you flight.
   Fire:      It increases the power of your Fire spells.
   Ice:       It increases the power of your Ice spells.
   It falls into the 'Staves' category.
   It is a one-handed weapon.
Jewellery
 f - the amulet of Imoega (around neck) {Reflect Will++ SH+5 Stlth+}
   (You took it off a deep elf zephyrmancer on level 3 of the Elven Halls)

   [amulet of reflection]

   Reflect:   It reflects blocked missile attacks.
   Will++:    It greatly increases your willpower.
   SH+5:      It affects your SH (+5).
   Stlth+:    It makes you more stealthy.
 h - a ring of willpower
 i - the amulet "Duzomipp" {RegenMP +Inv}
   (You found it on level 9 of the Dungeon)

   [amulet of magic regeneration]

   RegenMP:   It increases your rate of magic regeneration.
   +Inv:      It lets you turn invisible.
 p - a ring of wizardry (right hand) {=R}
 A - a ring of positive energy
 G - a +6 ring of intelligence (left hand)
 P - the ring "Honguz" {rPois rF++ rC- Str+3 Int+2}
   (You found it on level 5 of the Pits of Slime)

   [ring of poison resistance]

   Str+3:     It affects your strength (+3).
   Int+2:     It affects your intelligence (+2).
   rF++:      It greatly protects you from fire.
   rC-:       It makes you vulnerable to cold.
   rPois:     It protects you from poison
 Z - the ring of Lady Luck {Fly rC++ rCorr SInv Stlth-}
   (You took it off a vault warden on level 5 of the Vaults)

   [ring of see invisible]

   rC++:      It greatly protects you from cold.
   SInv:      It lets you see invisible.
   Fly:       It grants you flight.
   rCorr:     It protects you from acid and corrosion.
   Stlth-:    It makes you less stealthy.
Wands
 d - a wand of digging (14)
 e - a wand of charming (74)
 j - a wand of quicksilver (12)
 k - a wand of iceblast (15)
 s - a wand of mindburst (19)
Scrolls
 y - 8 scrolls of immolation
 B - 5 scrolls of blinking
 C - 2 scrolls of poison
 E - 12 scrolls of fear
 F - 10 scrolls of fog
 J - 3 scrolls of silence {!r}
 S - 6 scrolls of butterflies
 T - 20 scrolls of teleportation
 V - 3 scrolls of vulnerability
Potions
 o - 3 potions of ambrosia
 q - 15 potions of curing
 u - 5 potions of mutation {!q}
 z - 3 potions of brilliance
 H - 2 potions of haste {!q}
 I - 5 potions of invisibility
 K - 4 potions of magic {!q}
 L - 9 potions of lignification
 N - 9 potions of cancellation {!q}
 R - 3 potions of resistance
 W - 13 potions of heal wounds {!q}
 X - 7 potions of enlightenment
Miscellaneous
 c - a condenser vane (inert)
 l - a lightning rod (2/4)
 n - a phial of floods
 O - a sack of spiders (inert)
 U - a phantom mirror


   Skills:
 + Level 22.9 Fighting
 - Level 6.0 Throwing
 - Level 12.5 Armour
 - Level 15.0 Dodging
 + Level 7.3 Stealth
 - Level 10.0 Shields
 + Level 19.5 Spellcasting
 - Level 10.0 Conjurations
 - Level 5.0 Summonings
 - Level 7.0 Translocations
 + Level 23.6 Ice Magic
 - Level 10.0 Air Magic
 - Level 7.0 Earth Magic
 - Level 12.0 Alchemy
 + Level 24.3 Invocations
 + Level 8.3 Evocations


You had 18 spell levels left.
You knew the following spells:

 Your Spells              Type           Power      Damage    Failure   Level
d - Iskenderun's Mystic   Conj/Tloc      93%        2d18      1%          4
e - Irradiate             Conj/Alch      51%        3d28      1%          5
g - Apportation           Tloc           100%       N/A       1%          1
h - Lee's Rapid Deconstr  Erth           43%        3d21*     1%          5
l - Summon Lightning Spi  Summ/Air       89%        N/A       1%          4
m - Stone Arrow           Conj/Erth      100%       3d13      1%          3
s - Ozocubu's Refrigerat  Ice            81%        4d25      1%          7
w - Passwall              Erth           87%        N/A       1%          3
B - Blink                 Tloc           100%       N/A       1%          2
C - Airstrike             Air            49%        2d(7-23)  1%          4
E - Polar Vortex          Ice            81%        12d10*    5%          9

Your spell library contained the following spells:

 Spells                   Type           Power      Damage    Failure   Level
 Freeze                   Ice            100%       1d10      1%          1
 Magic Dart               Conj           100%       1d8       1%          1
 Necrotise                Necr           100%       1d9       1%          1
 Sandblast                Erth           100%       2d20      1%          1
 Slow                     Hex            100%       N/A       1%          1
 Sting                    Conj/Alch      100%       1d9       1%          1
 Summon Small Mammal      Summ           100%       N/A       1%          1
 Call Imp                 Summ           100%       N/A       1%          2
 Ensorcelled Hibernation  Hex/Ice        100%       N/A       1%          2
 Mercury Vapours          Alch/Air       100%       N/A       1%          2
 Searing Ray              Conj           100%       2d8       1%          2
 Static Discharge         Conj/Air       100%       3-8/arc   1%          2
 Sublimation of Blood     Necr           48%        N/A       1%          2
 Call Canine Familiar     Summ           78%        N/A       1%          3
 Dazzling Flash           Conj/Hex       100%       N/A       1%          3
 Frozen Ramparts          Ice            100%       1d16      1%          3
 Hailstorm                Conj/Ice       100%       3d16      1%          3
 Mephitic Cloud           Conj/Alch/Air  100%       N/A       1%          3
 Ozocubu's Armour         Ice            100%       N/A       1%          3
 Summon Ice Beast         Ice/Summ       100%       N/A       1%          3
 Swiftness                Air            98%        N/A       1%          3
 Animate Armour           Summ/Erth      100%       N/A       1%          4
 Brom's Barrelling Bould  Conj/Erth      93%        2d10      1%          4
 Flame Wave               Conj/Fire      98%        2d20      1%          4
 Fulminant Prism          Conj/Alch      51%        3d22      1%          4
 Ignite Poison            Fire/Alch      100%       N/A       1%          4
 Leda's Liquefaction      Alch/Erth      48%        N/A       1%          4
 Manifold Assault         Tloc           87%        N/A       1%          4
 Petrify                  Alch/Erth      97%        N/A       1%          4
 Sticky Flame             Fire/Alch      100%       2d15      1%          4
 Vhi's Electric Charge    Tloc/Air       100%       N/A       1%          4
 Alistair's Intoxication  Alch           70%        N/A       1%          5
 Arcjolt                  Conj/Air       49%        1d59      1%          5
 Freezing Cloud           Conj/Ice/Air   68%        6-21      1%          5
 Iskenderun's Battlesphe  Conj           98%        2d14      1%          5
 Metabolic Englaciation   Hex/Ice        64%        N/A       1%          5
 Eringya's Noxious Bog    Alch           52%        4d6       1%          6
 Sculpt Simulacrum        Ice/Alch       73%        N/A       1%          6
 Confusing Touch          Hex            48%        N/A       2%          3
 Fugue of the Fallen      Necr           48%        N/A       2%          3
 Inner Flame              Hex/Fire       64%        N/A       2%          3
 Sigil of Binding         Hex            48%        N/A       2%          3
 Tukima's Dance           Hex            48%        N/A       2%          3
 Vampiric Draining        Necr           48%        2d9       2%          3
 Dimensional Bullseye     Hex/Tloc       35%        N/A       2%          4
 Summon Forest            Summ/Tloc      41%        N/A       2%          5
 Yara's Violent Unravell  Hex/Alch       41%        3d16      2%          5
 Conjure Ball Lightning   Conj/Air       49%        3x3d17    2%          6
 Fireball                 Conj/Fire      49%        3d19      3%          5
 Bombard                  Conj/Erth      46%        9d8       4%          6
 Borgnjor's Vile Clutch   Necr/Erth      35%        N/A       5%          5
 Dispersal                Tloc           43%        N/A       7%          6
 Anguish                  Hex/Necr       24%        N/A       9%          4
 Cause Fear               Hex            24%        N/A       9%          4
 Summon Mana Viper        Hex/Summ       64%        N/A       9%          5
 Orb of Destruction       Conj           49%        9d13      11%         7
 Plasma Beam              Fire/Air       49%        2x1d63    14%         6
 Spellforged Servitor     Conj/Summ      44%        N/A       26%         7
 Monstrous Menagerie      Summ           39%        N/A       56%         7
 Summon Hydra             Summ           39%        N/A       56%         7
 Disjunction              Tloc           43%        N/A       90%         8
 Enfeeble                 Hex            24%        N/A       99%         7
 Summon Horrible Things   Summ           39%        N/A       99%         8
 Ignition                 Fire           32%        3d10      100%        8
 Chain Lightning          Conj/Air       49%        3d65      100%        9
 Dragon's Call            Summ           39%        N/A       100%        9
 Fire Storm               Conj/Fire      49%        8d12      100%        9
 Shatter                  Erth           43%        3d34*     100%        9


Dungeon Overview and Level Annotations

Branches:
Dungeon (15/15)            Temple (1/1) D:7            Lair (5/5) D:11
 Shoals (4/4) Lair:2        Snake (4/4) Lair:3        Slime (5/5) Lair:5
    Orc (2/2) D:11            Elf (3/3) Orc:2        Vaults (5/5) D:13
  Crypt (3/3) Vaults:3       Tomb (0/3) Crypt:3      Depths (4/4) D:15
    Zot (5/5) Depths:4     Bailey (visited)           IceCv (visited)

Altars:
Ashenzari
Cheibriados
Dithmenos
Elyvilon
Fedhas
Gozag
Hepliaklqana
Kikubaaqudgha
Makhleb
Nemelex Xobeh
Okawaru
Qazlal
Ru
Sif Muna
Trog
Uskayaw
Vehumet
Wu Jian
Xom
Yredelemnul
Zin
The Shining One
Ignis
Jiyva

Shops:
D:13 [([:*   D:15 [   Orc:2 [*:?(   Elf:1 [   Elf:3 (   Shoals:1 =*!((
Shoals:2 *   Shoals:4 :   Snake:3 :=:   Snake:4 :?:*(   Vaults:1 ?
Vaults:2 ([   Vaults:4 !   Zot:1 *

Portals:
Hell: Depths:1 Depths:2 Depths:3 Depths:4
Abyss: Depths:1 Depths:3
Pandemonium: Depths:2 Depths:4
Ziggurat: Depths:3


Innate Abilities, Weirdness & Mutations

((You are very nimble when in or above water. (Stealth+, EV+, Speed+++)))
Your lower body shifts to a powerful aquatic tail in water.
Armour fits poorly on your strangely shaped body.
You are dopey. (Int -2)
Your spells are a little harder to cast, but a little more powerful.


Message History

a +0 robe; a +0 dagger; a +0 dagger You reach down and open the door.
There is an open door here.
A balrug comes into view. It is wielding a +0 demon whip.
There is an open door here.
Unknown command.
Casting: Ozocubu's Refrigeration (mildly dangerous; 1% risk of failure)
Confirm with . or Enter, or press ? or * to list all spells.
You feel a surge of power!
The heat is drained from your surroundings.
The balrug is frozen!
The balrug is almost dead.
A demonspawn blood saint comes into view.
It is wielding a +0 dagger.
Casting: Ozocubu's Refrigeration (mildly dangerous; 1% risk of failure)
Confirm with . or Enter, or press ? or * to list all spells.
You feel a surge of power!
The heat is drained from your surroundings.
The demonspawn blood saint is severely wounded.
The balrug is frozen!
You kill the balrug!
You feel yourself slow down.
Casting: Ozocubu's Refrigeration (mildly dangerous; 1% risk of failure)
Confirm with . or Enter, or press ? or * to list all spells.
You feel a surge of power!
The heat is drained from your surroundings.
You kill the demonspawn blood saint!
Things that are here:
a +0 dagger; a +0 robe
There is a stone staircase leading up here.
You fly upwards.
There is a stone staircase leading down here.
There is an escape hatch in the ceiling here.
There is a stone staircase leading up here.
You fly upwards.
There is a stone staircase leading down here.
There is a stone staircase leading up here.
You fly upwards.
There is a stone staircase leading down here.
There is a stone staircase leading up here.
Warning, next level annotated: amulet near exit!
You fly upwards.
There is a stone staircase leading down here.
Magic restored.
There is an open door here.
There is a staircase leading out of the dungeon here.
Annotate which branch? (. - D:1, ? - help, ! - show branch list) Current level annotation: amulet near exit!
New annotation for D:1 (include '!' for warning): Cleared annotation.
You have escaped!

##########
#........#
#........#
#....."@.#
#........#
#........#
####'#####
#####.######
#..........#
#..≈≈≈≈..8.#
#..........#
#.##########
###


There were no monsters in sight!

Vanquished Creatures
  Dissolution (Slime:5)
  Frederick (Crypt:2)
  4 ancient liches
  6 dread liches
  2 orbs of fire
  The ghost of Amauri the Slayer, a veteran OnAl of Vehumet (Crypt:2)
  3 juggernauts
  Xtahua (Crypt:2)
  The ghost of Leown the Sniper, a legendary KoDe of Makhleb (Zot:1)
  Saint Roka (Crypt:2)
  2 Killer Klowns (Zot:5)
  Margery (Vaults:4)
  2 curse toes (Zot:2)
  A bone dragon (Depths:4)
  5 golden dragons
  Nikola (Shoals:2)
  A profane servitor (D:13)
  2 electric golems
  Jorgrun (Orc:1)
  A Brimstone Fiend (D:13)
  13 tentacled monstrosities
  An Ice Fiend (IceCv)
  Zenata (Vaults:4)
  5 quicksilver dragons
  2 deep elf master archers (Elf:3)
  Asterion (Depths:2)
  22 Orb Guardians (Zot:5)
  5 sphinxes
  7 titans
  7 liches
  A searing wretch (Vaults:4)
  21 acid blobs
  5 deep elf blademasters
  An Executioner (Zot:5)
  6 death cobs
  An ancient champion (Vaults:3)
  Gastronok (D:8)
  A kraken (Shoals:4)
  3 shadow dragons
  4 protean progenitors
  9 tengu reavers
  The ghost of Ommibeerche the Imperceptible, an adept SpEn of Uskayaw (Elf:1)
  4 revenants
  Aizul (Snake:3)
  6 rockslimes
  12 storm dragons
  6 draconian knights
  8 fire giants
  Ilsuiw (Shoals:2)
  10 azure jellies
  7 nagarajas
  6 draconian monks
  11 frost giants
  2 draconian scorchers
  9 deep elf sorcerers
  A ghost moth (Zot:2)
  5 draconian shifters
  A balrug (D:5)
  6 deep elf elementalists
  3 curse skulls
  Louise (D:15)
  19 vault wardens
  A caustic shrike zombie (Depths:3)
  2 orc warlords
  10 ghouls
  5 draconian stormcallers
  8 ironbound thunderhulks
  10 formless jellyfish
  4 draconian annihilators
  11 quicksilver oozes
  18 very ugly things
  7 green draconians
  22 ironbound preservers
  13 stone giants
  15 deep elf death magi
  A demonspawn blood saint (D:5)
  7 dire elephants
  12 deep elf annihilators
  10 black draconians
  10 deep elf demonologists
  7 vampire knights
  3 yellow draconians
  6 purple draconians
  6 red draconians
  14 white draconians
  8 spark wasps
  2 war gargoyles
  11 ettins
  Snorg (Orc:1)
  A crystal guardian (Vaults:1)
  An acid blob zombie (Crypt:1)
  8 eidola
  10 merfolk javelineers
  13 jiangshi
  A mummy priest (Crypt:3)
  6 fire dragons
  8 yaktaur captains
  6 deep elf high priests
  3 entropy weavers
  Josephine (Lair:4)
  11 merfolk impalers
  6 salamander tyrants
  13 great orbs of eyes
  A spectral spriggan (Crypt:3)
  2 hydras
  6 ice dragons
  34 vault guards
  A caustic shrike simulacrum (IceCv)
  A rakshasa (Depths:2)
  A spriggan zombie (Crypt:1)
  A hydra (shapeshifter) (Depths:3)
  A fenstrider witch zombie (Crypt:3)
  3 spriggan air magi
  4 ironbound frosthearts
  12 anacondas
  A peacekeeper (Vaults:1)
  An Orb Guardian zombie (Crypt:1)
  3 merfolk aquamancers
  2 merfolk avatars
  2 satyrs (Shoals:2)
  11 centaur warriors
  4 deep troll earth magi
  4 ogre magi
  6 tengu warriors
  A two-headed ogre (shapeshifter) (Vaults:5)
  7 two-headed ogres
  An alligator snapping turtle (Shoals:2)
  3 boulder beetles
  8 vampire magi
  8 naga warriors
  11 deep troll shamans
  A titan zombie (Depths:3)
  2 death yaks (Lair:5)
  3 occultists
  16 naga sharpshooters
  30 dancing weapons
  A spectral naga (Crypt:3)
  3 orc high priests
  A spectral storm dragon (Crypt:3)
  4 shock serpents
  15 hell knights
  2 spriggan berserkers (Depths:4)
  22 deep elf knights
  13 shadow wraiths
  13 iron trolls
  3 skysharks
  6 salamander mystics
  8 skeletal warriors
  2 bunyip zombies
  79 deep trolls
  10 sea snakes
  A swamp dragon (Lair:5)
  11 mana vipers
  4 glowing orange brains
  6 flayed ghosts
  A spectral hydra (Crypt:3)
  16 deep elf archers
  An iron giant skeleton (Crypt:1)
  13 ironbound convokers
  14 lindwurms
  30 phantasmal warriors
  10 arcanists
  A bog body (IceCv)
  6 naga ritualists
  21 harpies
  A bunyip skeleton (Crypt:1)
  23 deep elf zephyrmancers
  3 necromancers
  An obsidian statue (IceCv)
  4 spriggan simulacra (IceCv)
  24 deep elf pyromancers
  6 shining eyes
  7 large abominations
  17 manticores
  9 orc knights
  A tengu skeleton (Vaults:3)
  2 wolf spiders (Lair:1)
  A spectral ettin (Crypt:3)
  5 cyclopes
  3 oklob plants (Lair:5)
  14 elephants
  9 fauns (Shoals:2)
  18 salamanders
  8 orc sorcerers
  25 ugly things
  17 moths of wrath
  A faun (shapeshifter) (Vaults:5)
  3 centaur zombies (D:12)
  4 guardian serpents
  37 black mambas
  A frost giant skeleton (Vaults:3)
  4 stone giant skeletons
  87 slime creatures
  15 vault sentinels
  2 kobold blastminers (Orc:1)
  10 naga magi
  6 human skeletons
  7 merfolk sirens
  4 eyes of devastation
  A torpor snail (shapeshifter) (Vaults:5)
  10 cane toads
  A water nymph (shapeshifter) (Vaults:4)
  An ice statue (Shoals:4)
  8 gargoyles
  6 water nymphs
  A pale draconian zombie (Crypt:3)
  5 centaur skeletons (D:12)
  16 freezing wraiths
  5 komodo dragons
  3 rime drakes
  2 ice devils
  An unseen horror zombie (Crypt:3)
  2 anaconda simulacra (IceCv)
  11 yaktaurs
  A tormentor (Zot:1)
  A yaktaur skeleton (Vaults:3)
  2 unseen horrors
  2 efreet (D:11)
  A golden dragon simulacrum (IceCv)
  6 tengu conjurers
  A purple draconian skeleton (Crypt:1)
  A pale draconian skeleton (Crypt:3)
  7 guardian mummies
  A queen bee (Lair:1)
  3 trolls (Orc:2)
  28 merfolk
  9 wind drakes
  An alligator simulacrum (IceCv)
  10 snapping turtles
  20 blink frogs
  6 dream sheep
  4 glass eyes
  A fire dragon zombie (Crypt:1)
  A fire giant simulacrum (Depths:3)
  A spectral black mamba (Crypt:3)
  5 air elementals
  2 ettin skeletons
  A yak (shapeshifter) (D:15)
  21 wraiths
  22 water elementals
  14 shadows
  4 vampires
  2 wyverns
  4 ynoxinuls
  5 fire bats (D:11)
  3 wargs (Orc:1)
  5 basilisks
  14 yaks
  2 fire elementals
  4 minotaur simulacra (IceCv)
  A redback (Vaults:1)
  7 golden eyes
  5 steam dragons
  5 vampire mosquitoes
  Menkaure (D:4)
  37 nagas
  A harpy simulacrum (IceCv)
  An acid dragon (shapeshifter) (D:9)
  A water nymph skeleton (Crypt:1)
  3 acid dragons (Lair:5)
  21 water moccasins
  A swamp worm (shapeshifter) (Vaults:5)
  2 glowing shapeshifter skeletons (Vaults:3)
  A hydra simulacrum (IceCv)
  4 ice beasts
  3 sky beasts
  43 orc warriors
  7 small abominations (Elf:2)
  6 laughing skulls
  14 ogres
  3 wolves (Lair:1)
  11 centaurs
  A lindwurm skeleton (Crypt:1)
  9 weeping skulls (Crypt:3)
  3 kobold brigands
  An earth elemental (Elf:1)
  14 bullfrogs
  An elf skeleton (Crypt:2)
  4 gnoll sergeants
  4 deep troll simulacra (IceCv)
  A necrophage (Crypt:1)
  2 scorpions
  2 wights (D:11)
  A lindwurm simulacrum (IceCv)
  13 killer bees
  A polar bear skeleton (Crypt:3)
  A queen bee zombie (Crypt:3)
  6 howler monkeys
  A bombardier beetle (D:4)
  2 human zombies (Crypt:1)
  5 hounds
  A gnoll bouda (D:7)
  21 orc priests
  A jelly (D:5)
  2 sleepcaps (D:5)
  Ijyb (D:4)
  A basilisk skeleton (Crypt:2)
  6 iguanas
  24 orc wizards
  A hell rat (Lair:2)
  A killer bee zombie (Crypt:2)
  A naga zombie (Crypt:1)
  A crocodile skeleton (Crypt:2)
  An ogre skeleton (Crypt:2)
  4 mummies (Crypt:1)
  28 gnolls
  7 adders
  3 river rats (Lair:2)
  2 white imps (D:8)
  An iguana skeleton (Crypt:3)
  2 dart slugs
  60 orcs
  8 bats
  7 endoplasms
  3 giant cockroaches
  12 goblins
  7 hobgoblins
  8 jackals
  4 quokkas
  8 ball pythons
  A ball python skeleton (Crypt:1)
  A gnoll skeleton (Crypt:3)
  A hobgoblin zombie (Crypt:2)
  25 kobolds
  8 rats
  7 aspiring fleshes
  A tentacle (Shoals:4)
2283 creatures vanquished.

Vanquished Creatures (collateral kills)
  A fire dragon (Depths:3)
  3 vault guards (D:13)
  A hydra (Lair:4)
  A boulder beetle (Lair:3)
  2 two-headed ogres
  A death yak (Lair:5)
  A skyshark (Lair:3)
  An iron troll (Depths:3)
  Amaemon (Lair:3)
  A skeletal warrior (D:12)
  A deep troll (Depths:3)
  2 necromancers
  4 centaur zombies (D:12)
  17 elephants
  A black mamba (Lair:4)
  An orange demon (Lair:3)
  A rime drake (Lair:5)
  5 komodo dragons
  3 centaur skeletons (D:12)
  A troll (D:10)
  2 dream sheep (Lair:1)
  5 blink frogs
  3 meliai zombies (D:12)
  7 slime creatures
  2 wyverns (D:11)
  11 yaks
  A wraith (Lair:4)
  A fire bat (D:11)
  3 basilisks
  2 vampire mosquitoes (D:12)
  A minotaur simulacrum (IceCv)
  A naga (Lair:3)
  3 water moccasins
  4 orc warriors
  6 wolves
  A centaur (D:11)
  A kobold brigand (D:9)
  2 bullfrogs (Lair:4)
  4 gnoll sergeants
  6 wights
  6 killer bees (Lair:1)
  3 orc wizards
  2 hell rats (Lair:2)
  3 gnolls (D:12)
  6 river rats (Lair:2)
  2 orcs
  A hobgoblin (Bailey)
  5 kobolds (D:11)
  2 rats (Lair:2)
145 creatures vanquished.

Vanquished Creatures (others)
  A caustic shrike skeleton (Crypt:1)
  An ironbound frostheart (Vaults:2)
  A wolf spider zombie (D:12)
  A rime drake (Lair:5)
  A dream sheep (Lair:5)
  A water elemental (Depths:1)
  An electric eel (Vaults:2)
  An orc priest (Orc:1)
  3 tentacles (Shoals:4)
11 creatures vanquished.

Grand Total: 2439 creatures vanquished

Notes
Turn   | Place    | Note
-------+----------+-------------------------------------------
     0 | D:1      | Ge0ff the Merfolk Conjurer began the quest for the Orb.
     0 | D:1      | Reached XP level 1. HP: 13/13 MP: 3/3
   240 | D:1      | Reached XP level 2. HP: 20/20 MP: 3/5
   244 | D:1      | Learned a level 2 spell: Searing Ray
   369 | D:1      | Reached skill level 1 in Fighting
  1278 | D:1      | Reached XP level 3. HP: 26/26 MP: 2/6
  2108 | D:2      | Identified the +1 robe of Syndicalism {Harm rElec Will-
                  | Dex+2 SInv}
  2127 | D:2      | Found a faded altar of an unknown god.
  2167 | D:2      | You fall into a shaft and drop 1 floor!
  2178 | D:3      | Reached XP level 4. HP: 32/32 MP: 0/7
  3529 | D:3      | Learned a level 4 spell: Iskenderun's Mystic Blast
  4064 | D:3      | Reached XP level 5. HP: 30/37 MP: 5/8
  4443 | D:3      | Reached skill level 5 in Conjurations
  4696 | D:4      | Noticed Menkaure
  4704 | D:4      | Killed Menkaure
  4705 | D:4      | Reached XP level 6. HP: 24/43 MP: 5/10
  5064 | D:4      | Noticed Ijyb
  5075 | D:4      | Found a glowing golden altar of the Shining One.
  5154 | D:4      | Found an opulent altar of Gozag.
  5254 | D:4      | Learned a level 2 spell: Static Discharge
  5271 | D:4      | Reached XP level 7. HP: 40/48 MP: 7/11
  5408 | D:4      | Reached skill level 1 in Air Magic
  5646 | D:5      | Entered Level 5 of the Dungeon
  5753 | D:5      | Found Xiadda's Magic Scroll Emporium.
  5758 | D:5      | Bought a scroll of teleportation for 45 gold pieces
  5758 | D:5      | Bought 2 scrolls of identify for 60 gold pieces
  5758 | D:5      | Bought a scroll of identify for 30 gold pieces
  6341 | D:5      | Reached skill level 1 in Evocations
  6341 | D:5      | Reached XP level 8. HP: 36/54 MP: 6/12
  7115 | D:5      | Learned a level 4 spell: Airstrike
  7275 | D:6      | Reached skill level 1 in Throwing
  8793 | D:6      | Reached skill level 5 in Air Magic
  8793 | D:6      | Reached XP level 9. HP: 55/61 MP: 9/15
  9307 | D:7      | Reached skill level 5 in Spellcasting
  9520 | D:7      | Found a staircase to the Ecumenical Temple.
  9538 | Temple   | Entered the Ecumenical Temple
  9564 | Temple   | Became a worshipper of Elyvilon the Healer
 10260 | D:4      | Killed Ijyb
 10476 | D:8      | Found a hide-covered altar of Uskayaw.
 10480 | D:8      | Reached XP level 10. HP: 70/70 MP: 9/17
 10507 | D:8      | Learned a level 4 spell: Summon Lightning Spire
 10540 | D:8      | Noticed Gastronok
 10561 | D:8      | Killed Gastronok
 10686 | D:8      | Reached * piety under Elyvilon
 10806 | D:8      | Found a glowing golden altar of the Shining One.
 10933 | D:8      | Reached skill level 5 in Evocations
 11367 | D:9      | Reached skill level 5 in Summonings
 11374 | D:9      | Reached ** piety under Elyvilon
 11456 | D:9      | Found a flagged portal.
 11465 | Bailey   | Entered a bailey
 11519 | Bailey   | Noticed an orc warlord
 11740 | Bailey   | Found a runed translucent gate.
 11753 | Bailey   | Found a runed translucent gate.
 11754 | Bailey   | Found a runed translucent gate.
 11847 | Bailey   | Killed an orc warlord
 11848 | Bailey   | Reached skill level 1 in Armour
 11848 | Bailey   | Reached XP level 11. HP: 75/75 MP: 10/19
 11885 | Bailey   | Identified the +7 war axe of Cruel Justice {heavy, rPois
                  | Str+3}
 11912 | Bailey   | Acquired 820 gold pieces
 12281 | D:9      | Noticed a boulder beetle
 12296 | D:9      | Killed a boulder beetle
 12297 | D:9      | Reached skill level 1 in Invocations
 12334 | D:9      | Identified the amulet "Duzomipp" {RegenMP +Inv}
 12361 | D:9      | Identified the +4 hand axe "Monneon" {flame, rF- rN+ Int+2}
 12888 | D:9      | Reached *** piety under Elyvilon
 12955 | D:9      | Reached skill level 2 in Invocations
 13228 | D:10     | Entered Level 10 of the Dungeon
 13355 | D:10     | Noticed a two-headed ogre
 13366 | D:10     | Killed a two-headed ogre
 13616 | D:10     | Reached skill level 1 in Translocations
 14681 | D:11     | Found a staircase to the Orcish Mines.
 14701 | D:11     | Reached skill level 3 in Invocations
 15138 | D:11     | Found a staircase to the Lair.
 15226 | D:11     | Reached XP level 12. HP: 83/83 MP: 22/22
 15247 | D:11     | Noticed a two-headed ogre
 15250 | D:11     | Killed a two-headed ogre
 15251 | D:11     | Reached skill level 4 in Invocations
 15278 | D:11     | Reached **** piety under Elyvilon
 15594 | D:11     | Noticed a two-headed ogre
 15598 | D:11     | Killed a two-headed ogre
 15773 | D:11     | Found a portal to a secret trove of treasure.
 15873 | D:11     | Reached skill level 5 in Invocations
 16211 | D:11     | Reached skill level 10 in Air Magic
 16328 | D:11     | Identified the +4 quarterstaff of Crusades {spect, rF+ SInv
                  | Stlth+}
 16331 | D:11     | Reached skill level 6 in Invocations
 16444 | D:11     | Found a candlelit altar of Ignis.
 17360 | Lair:1   | Entered Level 1 of the Lair of Beasts
 17389 | Lair:1   | Reached skill level 1 in Shields
 17550 | D:5      | Bought a scroll of teleportation for 45 gold pieces
 17550 | D:5      | Bought a scroll of enchant weapon for 112 gold pieces
 17550 | D:5      | Bought a scroll of identify for 30 gold pieces
 17550 | D:5      | Bought a scroll of identify for 30 gold pieces
 17817 | Lair:1   | Reached XP level 13. HP: 88/88 MP: 23/23
 17934 | Lair:1   | Reached skill level 5 in Translocations
 18009 | Lair:1   | Reached skill level 7 in Invocations
 18325 | Lair:1   | Reached skill level 5 in Shields
 18949 | Lair:2   | Reached ***** piety under Elyvilon
 19075 | Lair:2   | Identified the +3 falchion of Death {venom, ^Fragile Str+5}
 19570 | Lair:2   | Found a staircase to the Shoals.
 19582 | Lair:2   | Reached skill level 5 in Fighting
 20013 | Lair:3   | Noticed Amaemon
 20018 | Lair:3   | Killed Amaemon
 20022 | Lair:3   | Reached skill level 8 in Invocations
 20391 | Lair:3   | Reached XP level 14. HP: 100/100 MP: 25/25
 20514 | Lair:3   | Found a staircase to the Snake Pit.
 21007 | Lair:4   | Reached skill level 5 in Throwing
 21563 | Lair:4   | Noticed Josephine
 21572 | Lair:4   | Killed Josephine
 22340 | Lair:5   | Entered Level 5 of the Lair of Beasts
 22644 | Lair:5   | Identified the +5 short sword "Emen Olu" {freeze, rC+ Int+2
                  | Dex+3}
 22663 | Lair:5   | Reached ****** piety under Elyvilon
 22710 | Lair:5   | Found a staircase to the Slime Pits.
 22710 | Lair:5   | Found a viscous altar of Jiyva.
 23031 | Lair:5   | Reached skill level 9 in Invocations
 23570 | D:9      | Learned a level 7 spell: Ozocubu's Refrigeration
 23878 | Lair:5   | Reached skill level 1 in Ice Magic
 24070 | Lair:5   | Identified the +9 plate armour of Conscience {rC+ Str+4
                  | Dex-3 SInv}
 24102 | Lair:5   | Reached XP level 15. HP: 78/112 MP: 23/28
 24616 | Lair:5   | Reached skill level 5 in Ice Magic
 25305 | D:12     | Reached skill level 10 in Spellcasting
 26753 | D:13     | Found Zoysor's Antique Armour Shoppe.
 26754 | D:13     | Found Kiyza's Weapon Emporium.
 26808 | D:13     | Bought a pair of runed boots for 195 gold pieces
 26932 | D:13     | Found Inuxai's Book Emporium.
 26981 | D:13     | Found Arauhata's Assorted Antiques.
 27021 | D:13     | Bought a glowing silvery potion for 30 gold pieces
 27021 | D:13     | Bought a scroll of identify for 68 gold pieces
 27059 | D:13     | Reached skill level 10 in Ice Magic
 27394 | D:13     | Found a gate to the Vaults.
 27480 | D:13     | Found Antucwoe's Antique Armour Shoppe.
 28168 | D:14     | Found a glowing golden altar of the Shining One.
 28455 | D:14     | Identified the +6 gold dragon scales of Qazlal's
                  | Castigation {+Inv rPois rF+ rC+ Regen+ Str-3 Dex+5}
 28714 | D:14     | Learned a level 3 spell: Passwall
 29389 | D:15     | Entered Level 15 of the Dungeon
 29512 | D:15     | Reached skill level 1 in Earth Magic
 29701 | D:15     | Reached XP level 16. HP: 109/119 MP: 9/30
 30014 | D:15     | Found a staircase to the Depths.
 30143 | D:15     | Found Vumu's Antique Armour Emporium.
 30260 | D:15     | Bought a pair of embroidered gloves for 247 gold pieces
 30464 | D:15     | Noticed Louise
 30467 | D:15     | Killed Louise
 30991 | Orc:1    | Entered Level 1 of the Orcish Mines
 31182 | Orc:2    | Entered Level 2 of the Orcish Mines
 31182 | Orc:2    | Found Miumamut's Magic Scroll Shoppe.
 31472 | Orc:2    | Found Paip's Book Shop.
 31926 | Orc:2    | Found Xiecw's Antique Armour Emporium.
 31938 | Orc:2    | Bought 3 scrolls of identify for 96 gold pieces
 31938 | Orc:2    | Bought 3 scrolls of immolation for 192 gold pieces
 31938 | Orc:2    | Bought a scroll of vulnerability for 64 gold pieces
 32022 | Orc:2    | Found Goediyq's General Store.
 32209 | Orc:2    | Found a staircase to the Elven Halls.
 32217 | Orc:2    | Found Yxzem's Antique Weapon Shoppe.
 32396 | Orc:1    | Noticed Snorg
 32399 | Orc:1    | Killed Snorg
 32462 | Orc:1    | Noticed Jorgrun
 32467 | Orc:1    | Killed Jorgrun
 32773 | Orc:2    | Bought the Incunabulum of the Combined Panacea for 900 gold
                  | pieces
 32779 | Orc:2    | Learned a level 5 spell: Irradiate
 32929 | Snake:1  | Entered Level 1 of the Snake Pit
 32933 | Snake:1  | Reached skill level 1 in Alchemy
 32989 | Snake:1  | Found a hide-covered altar of Uskayaw.
 34383 | Snake:1  | Reached skill level 15 in Ice Magic
 34679 | Snake:2  | Reached XP level 17. HP: 118/124 MP: 11/31
 34841 | Snake:2  | Identified the +0 ring mail "Razij" {^Drain rC++ Regen+
                  | rCorr}
 35183 | Snake:2  | Found a hazy altar of Hepliaklqana.
 35720 | Snake:2  | Reached skill level 5 in Alchemy
 36219 | Snake:3  | Found Wijoopp Goer's Book Boutique.
 36220 | Snake:3  | Found Bayluo's Jewellery Shoppe.
 36222 | Snake:3  | Found Jippy's Book Boutique.
 36304 | Snake:3  | Identified the serpent talisman of Refuge {+Blink Will+
                  | Str+2}
 36304 | Snake:3  | Noticed Aizul
 36311 | Snake:3  | Elyvilon protects you from harm!
 36313 | Snake:3  | Elyvilon protects you from harm!
 36381 | Snake:3  | Killed Aizul
 37342 | Snake:3  | Found Wijoopp Goer's Book Boutique.
 37344 | Snake:3  | Found Bayluo's Jewellery Shoppe.
 37345 | Snake:3  | Found Jippy's Book Boutique.
 37752 | Snake:4  | Entered Level 4 of the Snake Pit
 37754 | Snake:4  | Reached skill level 5 in Armour
 38252 | Snake:4  | Reached skill level 5 in Dodging
 38304 | Snake:4  | Found Wida's Book Shop.
 38306 | Snake:4  | Found Vetuepro's Weapon Boutique.
 38306 | Snake:4  | Found Xony Toti's Book Shop.
 38311 | Snake:4  | Found Koast's General Store.
 38344 | Snake:4  | Bought a potion of berserk rage for 70 gold pieces
 38344 | Snake:4  | Bought a scroll of fog for 56 gold pieces
 38489 | Snake:4  | Found Asutin's Magic Scroll Boutique.
 38495 | Snake:4  | Bought 3 scrolls of blinking for 427 gold pieces
 38954 | Snake:4  | Identified the +11 hand axe of Dissolution {holy, Will++
                  | Str+3}
 39080 | Snake:4  | Reached XP level 18. HP: 86/133 MP: 16/33
 39282 | Snake:4  | Noticed a quicksilver dragon
 39288 | Snake:4  | Killed a quicksilver dragon
 39586 | Snake:4  | Reached skill level 10 in Invocations
 39663 | Snake:4  | Got a serpentine rune of Zot
 39860 | Shoals:1 | Entered Level 1 of the Shoals
 39868 | Shoals:1 | Found Lohadaympi's Distillery.
 39877 | Shoals:1 | Bought a potion of cancellation for 96 gold pieces
 39967 | Shoals:1 | Found Haota's Jewellery Shop.
 39972 | Shoals:1 | Reached skill level 10 in Fighting
 40335 | Shoals:1 | Found Ynlaesoh's Weapon Shop.
 40472 | Shoals:1 | Found Xellachi's Weapon Emporium.
 40713 | Shoals:1 | Found Xiamojach's Assorted Antiques.
 40721 | Shoals:1 | Bought a warped spear for 264 gold pieces
 40721 | Shoals:1 | Identified the +5 spear "Anoko" {venom, rF+ rN+ rCorr
                  | Int+3} (You bought it in a shop on level 1 of the Shoals)
 40721 | Shoals:1 | Bought a cyan potion for 29 gold pieces
 41619 | Shoals:2 | Found Udas's General Store.
 42024 | Shoals:2 | Noticed Nikola
 42038 | Shoals:2 | Killed Nikola
 42124 | Shoals:2 | Noticed Ilsuiw
 42131 | Shoals:2 | Killed Ilsuiw
 43043 | Shoals:3 | Reached skill level 10 in Alchemy
 44092 | Shoals:4 | Entered Level 4 of the Shoals
 44092 | Shoals:4 | Found Iremaivea's Self-Improvement Boutique.
 44096 | Shoals:4 | Reached XP level 19. HP: 132/148 MP: 15/35
 44107 | Shoals:4 | Learned a level 3 spell: Stone Arrow
 44132 | Shoals:4 | Found a glacial archway.
 44178 | IceCv    | Entered an ice cave
 45047 | IceCv    | Noticed an Ice Fiend
 45066 | IceCv    | Killed an Ice Fiend
 45190 | IceCv    | Identified the +0 battleaxe of the Lame Duck {venom, rElec
                  | rPois}
 45388 | Shoals:4 | Bought a manual of Ice Magic for 960 gold pieces
 45438 | Shoals:4 | Learned a level 9 spell: Polar Vortex
 46010 | Shoals:4 | Found the +3 pair of mountain boots {steadfast, rC+}
 46692 | Shoals:4 | Got a barnacled rune of Zot
 46780 | Shoals:4 | Got the Atlas of the Countless Runes
 47029 | Shoals:4 | Identified the staff "Cuata" {Fly rElec rF+ Will- Fire Ice}
 47288 | Elf:1    | Entered Level 1 of the Elven Halls
 47416 | Elf:1    | Found Hog Juch's Armour Emporium.
 47628 | Elf:1    | Found a runed translucent gate.
 47628 | Elf:1    | Found a runed translucent gate.
 47628 | Elf:1    | Found a runed translucent gate.
 47810 | Elf:1    | Noticed Ommibeerche's ghost (adept SpEn)
 48492 | Elf:2    | Identified the +6 scale mail of Dramatic Exits {rPois rN+
                  | Stlth+}
 48880 | Elf:2    | Found a runed translucent gate.
 48881 | Elf:2    | Found a runed translucent gate.
 48881 | Elf:2    | Found a runed translucent gate.
 49359 | Elf:2    | Reached XP level 20. HP: 160/160 MP: 16/36
 49946 | Elf:3    | Entered Level 3 of the Elven Halls
 50155 | Elf:3    | Found Ipsox's Antique Weapon Boutique.
 50546 | Elf:3    | Reached skill level 15 in Fighting
 50920 | Elf:3    | Paralysed by an air elemental for 1 turns
 51206 | Elf:3    | Identified the +3 rapier "Xius" {flame, *Rage rN++ Will+
                  | Str+3}
 51206 | Elf:3    | Identified the +2 leather armour of Leedgh {rPois rC+
                  | Int-2}
 51907 | Elf:3    | Identified the +4 triple sword "Meips" {drain, rF+ rN+
                  | Str+3}
 51907 | Elf:3    | Identified the ring "Wicsoh" {rElec EV+5}
 52080 | Elf:3    | Identified the +3 great mace of Ashenzari, Summoning
                  | {antimagic, *Noise rC+++ Will+ SInv}
 52080 | Elf:3    | Identified the ring of False Pretenses {rCorr AC+4 Int+2
                  | Slay-2}
 52203 | Elf:3    | Reached XP level 21. HP: 168/168 MP: 25/39
 52214 | Elf:3    | Identified the amulet of Imoega {Reflect Will++ SH+5
                  | Stlth+}
 52460 | Elf:3    | Identified the ring of Kumnoati {rF+ rC+ Int-3 SInv}
 52462 | Elf:3    | Identified the +1 longbow of a ziggurat {heavy, rCorr
                  | Int+3}
 52471 | Elf:3    | Identified the +7 dagger of Zys Zech {antimagic, Will+
                  | Stlth+}
 52477 | Elf:3    | Identified the +9 plate armour of Enormous Life {rC+}
 52512 | Elf:3    | Got Epno's Tome of the Assembled Wyrd
 52826 | Vaults:1 | Entered Level 1 of the Vaults
 52826 | Vaults:1 | Found Zogh's Magic Scroll Emporium.
 53657 | Vaults:1 | Identified the +1 leather armour "Ruamis" {rElec rC+}
 53664 | Vaults:1 | Reached skill level 15 in Spellcasting
 54182 | D:11     | You paid a toll of +4 ice dragon scales to enter a treasure
                  | trove
 54183 | Trove    | Entered a treasure trove
 54188 | Trove    | Found the +2 pair of slick slippers {slick, slippery, EV+4}
 54200 | Trove    | Identified the amulet "Oclipipy" {Acrobat MP+9 Stlth+}
 54208 | Trove    | Identified the amulet of Mistrust {rPois Regen+ Stlth+}
 54210 | Trove    | Identified the +1 broad axe of Linearity {spect, Str+5
                  | Int+2}
 54212 | Trove    | Identified the ring "Goarch" {rC- rN+ Str-2 Dex+5 Stlth+}
 54612 | Vaults:1 | Identified the +3 rapier of Crusades {vamp, Str+3}
 55122 | Shoals:4 | Bought a manual of Fighting for 960 gold pieces
 55122 | Shoals:4 | Bought a manual of Armour for 960 gold pieces
 55726 | Vaults:1 | Identified the +10 short sword of the Rescuing Owl
                  | {protect, Int+5}
 56618 | Vaults:2 | Found a gateway to a bazaar.
 57495 | Vaults:2 | Found Keim's Weapon Emporium.
 57588 | Vaults:2 | Found Ikaesk's Antique Armour Shoppe.
 57725 | Vaults:2 | Bought an embroidered cloak for 255 gold pieces
 59725 | Vaults:3 | Reached XP level 22. HP: 176/179 MP: 13/41
 61552 | Vaults:3 | Found a staircase to the Crypt.
 61908 | Vaults:4 | Paralysed by a formless jellyfish for 1 turns
 62068 | Vaults:4 | Noticed Margery
 62589 | Vaults:4 | Reached skill level 5 in Earth Magic
 63031 | Vaults:4 | Killed Margery
 64177 | Vaults:4 | Noticed Zenata
 64199 | Vaults:4 | Killed Zenata
 64676 | Vaults:4 | Reached skill level 10 in Armour
 64894 | Vaults:4 | Found Qininn's Distillery.
 64963 | Vaults:4 | Identified the +5 sling of Cagum {antimagic, rElec rC+
                  | Str+3 Int-3}
 65395 | Snake:3  | Bought a book of the Earth for 504 gold pieces
 65401 | Snake:3  | Learned a level 5 spell: Lee's Rapid Deconstruction
 65789 | Crypt:1  | Entered Level 1 of the Crypt
 65870 | Crypt:1  | Reached XP level 23. HP: 183/190 MP: 18/43
 66364 | Crypt:3  | Entered Level 3 of the Crypt
 66692 | Crypt:3  | Found a basalt altar of Yredelemnul.
 66718 | Crypt:3  | Found the +7 great mace "Undeadhunter" {deathbane, rN+}
 66731 | Crypt:3  | Got an ivory gem with 873 turns to spare
 66732 | Crypt:3  | Identified the +4 scale mail "Icokaror" {rElec}
 66736 | Crypt:3  | Identified the +8 scimitar "Tosev" {freeze, +Blink}
 66750 | Crypt:3  | Learned a level 2 spell: Blink
 67860 | Crypt:3  | Found a staircase to the Tomb.
 68699 | Crypt:2  | Noticed Xtahua
 68701 | Crypt:2  | Paralysed by Xtahua for 2 turns
 68706 | Crypt:2  | Killed Xtahua
 68974 | Crypt:2  | Noticed Saint Roka
 68984 | Crypt:2  | Killed Saint Roka
 69015 | Crypt:2  | Identified the orb of the Accordion {*channel, rPois Str-3
                  | SInv}
 69015 | Crypt:2  | Noticed Frederick
 69127 | Crypt:2  | Killed Frederick
 69289 | Crypt:2  | Found a runed translucent gate.
 69289 | Crypt:2  | Found a runed translucent gate.
 69289 | Crypt:2  | Found a runed translucent gate.
 69289 | Crypt:2  | Noticed Amauri's ghost (veteran OnAl)
 69541 | Crypt:2  | Killed Amauri's ghost
 69542 | Crypt:2  | Reached skill level 10 in Conjurations
 69550 | Crypt:2  | Identified the death talisman "Olupnaj" {rF+ Will++ Str-2}
 70047 | Crypt:1  | Reached XP level 24. HP: 174/203 MP: 17/45
 71118 | Elf:1    | Killed Ommibeerche's ghost
 71401 | Depths:1 | Entered Level 1 of the Depths
 71462 | Depths:1 | Reached skill level 11 in Invocations
 71580 | Depths:1 | Found a sparkling altar of Nemelex Xobeh.
 71795 | Depths:1 | Found a flickering gateway to a bazaar.
 71810 | Bazaar   | Entered a bazaar
 71844 | Bazaar   | Found Doijuthi's Antique Weapon Shoppe.
 71844 | Bazaar   | Found Ywod's Antique Armour Emporium.
 71865 | Bazaar   | Found Daoreeq's Magic Scroll Shoppe.
 71865 | Bazaar   | Found Nuesch's Armour Emporium.
 71935 | Bazaar   | Bought a faintly glowing robe for 91 gold pieces
 71935 | Bazaar   | Identified the +4 robe of the Shrike {rC+} (You bought it
                  | in a shop in a bazaar)
 71936 | Bazaar   | Bought an ichor-stained ring mail for 144 gold pieces
 71936 | Bazaar   | Identified the +0 ring mail of Absolutism {Harm rCorr
                  | Int+2} (You bought it in a shop in a bazaar)
 71951 | Bazaar   | Bought a scroll of immolation for 48 gold pieces
 71951 | Bazaar   | Bought a scroll of immolation for 48 gold pieces
 71951 | Bazaar   | Bought a scroll of poison for 48 gold pieces
 71951 | Bazaar   | Bought a scroll of immolation for 48 gold pieces
 71951 | Bazaar   | Bought a scroll of poison for 48 gold pieces
 71951 | Bazaar   | Bought a scroll of fog for 48 gold pieces
 72011 | Depths:1 | Found a one-way gate to the infinite horrors of the Abyss.
 72213 | Depths:3 | Found a one-way gateway to a ziggurat.
 72216 | Depths:3 | Found a gateway to Hell.
 72608 | Depths:4 | Entered Level 4 of the Depths
 72608 | Depths:4 | Found a one-way gate leading to the halls of Pandemonium.
 72611 | Depths:4 | Reached skill level 10 in Dodging
 72826 | Depths:4 | Reached skill level 12 in Invocations
 72826 | Depths:4 | Found a gate to the Realm of Zot.
 72834 | Depths:4 | Got a midnight gem with 1751 turns to spare
 73094 | Depths:4 | Noticed a juggernaut
 73101 | Depths:4 | Killed a juggernaut
 76003 | Depths:3 | Reached skill level 13 in Invocations
 76055 | Depths:3 | Reached XP level 25. HP: 210/210 MP: 28/45
 76432 | Depths:2 | Reached skill level 10 in Shields
 77504 | Depths:2 | Noticed a juggernaut
 77506 | Depths:2 | Noticed a juggernaut
 77667 | Depths:2 | Killed a juggernaut
 77859 | Depths:2 | Reached skill level 14 in Invocations
 78558 | Depths:2 | Killed a juggernaut
 78893 | Depths:2 | Noticed Asterion
 78899 | Depths:2 | Killed Asterion
 80493 | Slime:1  | Entered Level 1 of the Pits of Slime
 80496 | Slime:1  | Reached skill level 15 in Invocations
 81367 | Slime:3  | Gained mutation: You occasionally lose the ability to read
                  | scrolls when taking damage. [a shining eye]
 82492 | Slime:4  | Gained mutation: Your spells are a little easier to cast,
                  | but a little less powerful. [a shining eye]
 82494 | Slime:4  | Reached skill level 16 in Invocations
 82836 | Slime:5  | Entered Level 5 of the Pits of Slime
 83912 | Slime:5  | Noticed Dissolution
 83914 | Slime:5  | Noticed the Royal Jelly
 84490 | Slime:5  | the Royal Jelly changed into a titan shaped Royal Jelly
 84490 | Slime:5  | Noticed a titan shaped Royal Jelly
 84694 | Slime:5  | Killed Dissolution
 85069 | Slime:5  | Reached XP level 26. HP: 218/218 MP: 26/46
 85523 | Slime:5  | Reached skill level 17 in Invocations
 86391 | Slime:5  | Reached skill level 15 in Dodging
 86898 | Slime:5  | Found a viscous altar of Jiyva.
 86975 | Slime:5  | Killed a titan shaped Royal Jelly
 86983 | Slime:5  | Identified the +4 mace of Boevaika {venom, ^Drain rElec
                  | Will+ Str+3}
 87277 | Slime:5  | Got a slimy rune of Zot
 87278 | Slime:5  | Identified the ring "Honguz" {rPois rF++ rC- Str+3 Int+2}
 87280 | Slime:5  | Identified the ring "Hiegreg" {rF++ Will+ Int-4 Dex+4}
 87320 | Slime:5  | Identified the +1 scale mail of the Game Afoot {rC+}
 87340 | Slime:5  | Identified the +6 rapier "Utsipenats" {flame, rN+ MP+9
                  | Str-5 Int+5}
 87390 | Slime:5  | Acquired 819 gold pieces
 87640 | Slime:5  | Lost mutation: Your spells are a little easier to cast, but
                  | a little less powerful. [potion of mutation]
 87640 | Slime:5  | Lost mutation: You occasionally lose the ability to read
                  | scrolls when taking damage. [potion of mutation]
 87640 | Slime:5  | Gained mutation: Armour fits poorly on your strangely
                  | shaped body. [potion of mutation]
 87640 | Slime:5  | Gained mutation: Your spells are a little harder to cast,
                  | but a little more powerful. [potion of mutation]
 88079 | Vaults:5 | Entered Level 5 of the Vaults
 88080 | Vaults:5 | Noticed a dread lich
 88083 | Vaults:5 | Reached skill level 18 in Invocations
 88085 | Vaults:5 | Killed a dread lich
 88248 | Vaults:5 | Reached skill level 19 in Invocations
 88514 | Vaults:5 | Noticed an ancient lich
 88525 | Vaults:5 | Killed an ancient lich
 88971 | Vaults:5 | Reached skill level 20 in Invocations
 89226 | Vaults:5 | Identified the ring "Qoum Qut" {rF+++ rCorr MP+9 Dex-3
                  | Slay-6}
 89239 | Vaults:5 | Noticed a dread lich
 89310 | Vaults:5 | Killed a dread lich
 89368 | Vaults:5 | Got the Textbook on the Pneumatic Salvo
 89369 | Vaults:5 | Identified the amulet "Pimmal" {Regen+ rCorr Int-4 Dex+2}
 89469 | Vaults:5 | Identified the ring of Lady Luck {Fly rC++ rCorr SInv
                  | Stlth-}
 90950 | Vaults:5 | Reached skill level 21 in Invocations
 91316 | Vaults:5 | Identified the +2 hand axe of the Shrinking Genius {chaos,
                  | rElec Will+ Int+2 Stlth-}
 91321 | Vaults:5 | Identified the +3 spear of Conscience {antimagic, rC+
                  | Will+}
 91538 | Vaults:5 | Identified the +8 quarterstaff of the Vestibule of Hell
                  | {holy, *Rage rN+ SInv}
 91814 | Vaults:5 | Identified the +0 ring mail of the Depths {Harm Will++
                  | Int+3}
 91886 | Vaults:5 | Got a silver rune of Zot
 91963 | Vaults:5 | Noticed a dread lich
 92577 | Vaults:5 | Killed a dread lich
 92910 | Bazaar   | Entered a bazaar
 92910 | Bazaar   | Found Joit's Antique Weapon Boutique.
 92910 | Bazaar   | Found Soaxt's Antique Armour Boutique.
 92932 | Bazaar   | Found Upraul's Distillery.
 92948 | Bazaar   | Found Rulegun's General Store.
 92959 | Bazaar   | Found Dotorgh's Book Shop.
 92999 | Bazaar   | Bought a pair of embroidered gloves for 157 gold pieces
 92999 | Bazaar   | Bought a runed cloak for 157 gold pieces
 93025 | Bazaar   | Bought a wand of iceblast (6) for 129 gold pieces
 93025 | Bazaar   | Bought a potion of curing for 27 gold pieces
 93041 | Bazaar   | Bought a potion of haste for 140 gold pieces
 93041 | Bazaar   | Bought a potion of mutation for 112 gold pieces
 93041 | Bazaar   | Bought a potion of enlightenment for 70 gold pieces
 93041 | Bazaar   | Bought a potion of curing for 42 gold pieces
 93041 | Bazaar   | Bought a potion of cancellation for 112 gold pieces
 93055 | Bazaar   | Bought a manual of Fighting for 880 gold pieces
 93223 | Orc:2    | Bought a book of Cantrips for 288 gold pieces
 93225 | Orc:2    | Learned a level 1 spell: Apportation
 93382 | Shoals:1 | Bought a potion of heal wounds for 60 gold pieces
 93382 | Shoals:1 | Bought a potion of mutation for 96 gold pieces
 93385 | Shoals:1 | Bought a potion of resistance for 120 gold pieces
 93553 | Orc:2    | Bought a potion of brilliance for 52 gold pieces
 93553 | Orc:2    | Bought a potion of enlightenment for 65 gold pieces
 93819 | Snake:4  | Bought a scroll of butterflies for 76 gold pieces
 93819 | Snake:4  | Bought a scroll of fear for 76 gold pieces
 93819 | Snake:4  | Bought a scroll of teleportation for 57 gold pieces
 93819 | Snake:4  | Bought a scroll of immolation for 76 gold pieces
 94282 | Vaults:4 | Bought a potion of mutation for 144 gold pieces
 94282 | Vaults:4 | Bought a potion of cancellation for 144 gold pieces
 94622 | Zot:1    | Entered Level 1 of the Realm of Zot
 94852 | Zot:1    | Found an opulent altar of Gozag.
 94962 | Zot:2    | Reached skill level 22 in Invocations
 94962 | Zot:2    | Reached XP level 27. HP: 99/220 MP: 29/46
 94983 | Zot:1    | Found Atunu's CLEARANCE SALE!.
 94989 | Zot:1    | Bought a potion of cancellation for 48 gold pieces
 94989 | Zot:1    | Bought a scroll of teleportation for 18 gold pieces
 95163 | Zot:1    | Found a runed translucent door.
 96412 | Zot:1    | Noticed Leown's ghost (legendary KoDe)
 96427 | Zot:1    | Reached skill level 23 in Invocations
 96429 | Zot:1    | Killed Leown's ghost
 99455 | Zot:3    | Noticed Parghit
 99456 | Zot:3    | Pacified Parghit
 99465 | Zot:4    | Noticed an orb of fire
 99570 | Zot:4    | Killed an orb of fire
 99677 | Zot:5    | Entered Level 5 of the Realm of Zot
100786 | Zot:5    | Noticed a dread lich
100792 | Zot:5    | Killed a dread lich
101603 | Zot:5    | Noticed a dread lich
101614 | Zot:5    | Killed a dread lich
101615 | Zot:5    | Reached skill level 24 in Invocations
101935 | Zot:5    | Reached skill level 5 in Stealth
102250 | Zot:5    | Noticed an ancient lich
102267 | Zot:5    | Killed an ancient lich
102719 | Zot:5    | Noticed a dread lich
102722 | Zot:5    | Noticed an orb of fire
102729 | Zot:5    | Killed a dread lich
102729 | Zot:5    | Gained mutation: You are dopey. (Int -2) [an orb of fire]
102732 | Zot:5    | Killed an orb of fire
102842 | Zot:5    | Noticed an ancient lich
102846 | Zot:5    | Noticed an ancient lich
102850 | Zot:5    | Killed an ancient lich
102851 | Zot:5    | Killed an ancient lich
103592 | Zot:5    | Got the Orb of Zot
103593 | Zot:5    | Noticed an orb of fire
104220 | D:$      | Escaped with the Orb!

Illustrated notes

Levels and vault maps discovered:
D:1:      dpeg_arrival_rooms_c, layout_loops_ring
D:2:      layout_basic, shapermc_ecumenical_altar_hornbeckon
D:3:      layout_basic
D:4:      minmay_opposing_rooms, layout_rooms, mainiacjoe_overflow_alcove_1,
          mainiacjoe_overflow_brackets, uniq_menkaure, uniq_ijyb
D:5:      minmay_recursive_quarters, layout_loops_ring, serial_shops,
          kennysheep_little_box, minmay_ogre_servants
D:6:      nicolae_whirlpool, layout_loops_corners
D:7:      layout_cave_pools, minmay_temple_entry_arrows, serial_gnoll_camp,
          gnoll_camp_mini_hut, gnoll_camp_medium_02, gnoll_camp_mini_doghouse,
          gnoll_camp_mini_hut, grunt_decor_fettered,
          nicolae_concentric_dashed_squares_wild
D:8:      layout_rooms, hangedman_feature_mirror, uniq_gastronok
D:9:      layout_stronghold, enter_bailey_8, minmay_the_grid_2x2
          [minmay_the_grid_empty, minmay_the_grid_box_x,
          minmay_the_grid_stretched_grid, minmay_the_grid_prize_diamond_cup]
D:10:     layout_loops_cross
D:11:     regret_index_infernal_bastille, layout_gridville,
          minmay_lair_entry_grove, nicolae_trove_entry_free_sample,
          grunt_ministairs_13
D:12:     hangedman_screamer, layout_irregular_city
D:13:     layout_cave_pools, erik_vaults_2, serial_shops,
          nicolae_lakefront_shop, shop, nicolae_shop_advertising_works
          [nicolae_subvault_shop_adworks], shop_statue,
          nicolae_shop_tiny_waterfront, nicolae_letterblocks
          [nicolae_letter_subblock, nicolae_letter_subblock,
          nicolae_letter_subblock, nicolae_letter_subblock,
          nicolae_letter_subblock, nicolae_letter_subblock,
          nicolae_letter_subblock, nicolae_letter_subblock,
          nicolae_letter_subblock, nicolae_letter_subblock,
          nicolae_letter_subblock, nicolae_letter_subblock,
          nicolae_letter_subblock, nicolae_letter_subblock,
          nicolae_letter_subblock, nicolae_letter_subblock,
          nicolae_letter_subblock, nicolae_letter_subblock,
          nicolae_letter_subblock, nicolae_letter_subblock,
          nicolae_letter_subblock, nicolae_letter_subblock,
          nicolae_letter_subblock, nicolae_letter_subblock,
          nicolae_letter_subblock]
D:14:     layout_loops_ring, wad_floor_pattern_untrapped, serial_aquarium,
          aquarium_bridge_square [aquarium_subvault_bridge,
          aquarium_subvault_window, aquarium_subvault_wall,
          aquarium_subvault_bridge], aquarium_bridge_square
          [aquarium_subvault_bridge, aquarium_subvault_window,
          aquarium_subvault_wall, aquarium_subvault_bridge], aquarium_window_2,
          aquarium_window_1, aquarium_view_2a, aquarium_view_2c,
          aquarium_pool_five, tso_metal_star
D:15:     hangedman_depths_entry_civil_slaughter, layout_loops_corners,
          serial_shops, nicolae_shop_tiny_statue_garden, special_room
          [special_room_orc], chequers_avenue, moated_statue, eino_tiny_chamber,
          hangedman_decor_opposing, uniq_louise
Temple:   mainiacjoe_temple_cubbyholes
Lair:1:   layout_concentric_octagons, special_room [special_room_bee],
          pdpol_lair_neglected_garden, nicolae_lair_run_with_the_wolves
Lair:2:   layout_gridlike, minmay_shoals_entry_hut, kennysheep_abandoned_house
Lair:3:   layout_cave_shapes, minmay_snake_entry_guardpost_medium,
          hellmonk_talismancer, serial_bayou_shore_b, uniq_amaemon
Lair:4:   layout_long_grid, nicolae_quartered_pool_super, serial_bayou_shore_a,
          grunt_megastairs_4, uniq_josephine
Lair:5:   hangedman_lair_in_review, layout_cave_pods, guppyfry_lair_end_dragon,
          minmay_slime_entry_oklob_open
Shoals:1: layout_shoals, serial_shops, shop, nicolae_shop_rolling_square, shop,
          nicolae_shop_statue_plus, shop
Shoals:2: layout_shoals, serial_shops, shop, uniq_nikola, uniq_ilsuiw
Shoals:3: layout_shoals
Shoals:4: shoals_end_hangedman, layout_shoals,
          portal_ice_cave_entry_ice_statue_one, nicolae_shop_self_help
Snake:1:  layout_grid_maze, basic_altar, nicolae_snake_guarding_the_ruins
Snake:2:  layout_cave_shapes, basic_altar
Snake:3:  layout_rooms, minmay_shop_grove, uniq_aizul
Snake:4:  hellmonk_snake_rune_quicksilver_temple, layout_rooms, serial_shops,
          shop, minmay_shoptagon
Slime:1:  layout_caves
Slime:2:  layout_caves
Slime:3:  layout_caves, cheibrodos_slime_lost_civilization_5
Slime:4:  layout_caves, cheibrodos_slime_lost_civilization_4
Slime:5:  slime_pit_nicolae_trefoil, uniq_dissolution
Orc:1:    layout_diamond_mine, uniq_jorgrun, uniq_snorg
Orc:2:    grunt_orc_gardens, layout_caves, grunt_orc_garden, grunt_orc_garden,
          grunt_orc_garden, grunt_orc_garden, serial_shops, shop,
          nicolae_orc_lost_temple
Elf:1:    eino_elf_arrival_shootout, layout_geoelf_octagon, serial_shops, shop,
          gammafunk_ghost_split, nicolae_elf_blasts_and_bolts
Elf:2:    nicolae_elf_blades_crystal_corner, layout_geoelf_diagonals,
          serial_sigils_hangedman_scar, laboratory
Elf:3:    minmay_elf_hall_four_x, layout_rooms, serial_shops,
          nicolae_shop_hallway_plus, grunt_megastairs_1
Vaults:1: nicolae_vaults_surprise_closet, nicolae_vaults_offset_grid_hallway_2,
          nicolae_vaults_minivaults, nicolae_vaults_surprise_closet,
          hangedman_vaults_cutoff, v_misc_14, v_pattern_4,
          nicolae_vaults_shelves_hall, vaults_room_ringed_pool, v_misc_4,
          vaults_dpeg_encased_lava, nicolae_vaults_little_squares_3,
          nicolae_vaults_yaktaur_gun_rack, serial_ice_m, layout_vaults_ring,
          serial_shops, shop
Vaults:2: ontoclasm_vaults_tryst, ontoclasm_vaults_idyll,
          hangedman_vaults_variations, vaults_room_fours,
          layout_vaults_omnigrid, serial_shops, freezing_bzr,
          nicolae_shop_waterfront, shop
Vaults:3: nicolae_vaults_trapezoid_lopsided_1, v_misc_22, vaults_mumra_hexcomb,
          nicolae_vaults_ninety_degrees, hangedman_vaults_river_flow,
          nicolae_vaults_stairing_the_circle, nicolae_vaults_surprise_closet,
          minmay_crypt_entry_skeletal_spiral, grunt_vaults_hallway_long,
          grunt_vaults_hallway_long, nicolae_vaults_weapon_check,
          nicolae_vaults_big_angled_halls, nicolae_vaults_house_1,
          nicolae_vaults_little_ls, nicolae_vaults_tetromino_T_1,
          layout_vaults_big_cross
Vaults:4: vaults_room_octagon, nicolae_vaults_big_angled_halls, v_misc_31,
          nicolae_vaults_little_squares_3, hangedman_vaults_unwind,
          nicolae_vaults_network_s, nicolae_vaults_alarming, v_misc_28,
          ontoclasm_vaults_hangar, vaults_standard_mumra_lines,
          ontoclasm_vaults_shout, layout_vaults_omnibox, serial_shops,
          nicolae_lakefront_shop, uniq_margery, uniq_zenata
Vaults:5: serial_shops
Crypt:1:  layout_chaotic_city, grunt_crypt_arrival_guarded_gate
Crypt:2:  layout_regular_city, gammafunk_ghost_spectres,
          roderic_lattice_octagonal_star, uniq_frederick, uniq_saint_roka,
          uniq_xtahua
Crypt:3:  church_of_pain_bobbens, layout_chaotic_city, tomb_entry_shell_bobbens
Depths:1: layout_basic, pf_coc_iceberg, abyss_entry_crystal, serial_shops,
          bzr_entry_gold, hangedman_abyss_or_decor_passed, nicolae_benzene_ring,
          nemelex_xobeh_ov_fountains_minmay
Depths:2: nzn_winding_woodlands_cross [nzn_winding_woodlands_5x15_eye,
          nzn_winding_woodlands_5x15_pool, nzn_winding_woodlands_5x15_cabin,
          nzn_winding_woodlands_5x15_twine,
          nzn_winding_woodlands_15x15_thick_spiral], layout_gridville,
          grunt_metal_band, grunt_pan_entry_zigzag,
          nicolae_elevator_lobby_asterisk, infiniplex_staircase_pool_2,
          uniq_asterion
Depths:3: nicolae_cairo_tiling, layout_cave_pools, enter_ziggurat_e, hell_entry,
          nicolae_abyss_entry_one_way_or_another, infiniplex_staircase_squiggle
Depths:4: evilmike_zot_entry_argh, layout_basic, pan_entry, hell_entry,
          minmay_crystal_water
Zot:1:    layout_misc_corridors, ebering_ghost_inner_flame,
          regret_index_zotdec_silver_v_v_orig_slice, nicolae_shop_clearance
Zot:2:    layout_misc_corridors, regret_index_zotdec_dark_gr
Zot:3:    layout_cathedral_of_symmetry, uniq_josephina, uniq_parghit
Zot:4:    layout_concentric_octagons
Zot:5:    layout_onion

Skill      XL: |  1  2  3  4  5  6  7  8  9 10 11 12 13 14 15 16 17 18 19 20 21 22 23 24 25 26 27 |
---------------+----------------------------------------------------------------------------------+-----
Fighting       | 1 2 3 4 6 8 9 12 14 15 16 18 20 22 | 22.9
Conjurations   | 4 5 6 7 8 9 10 | 10.0
Spellcasting   | 3 4 5 7 9 10 11 12 14 15 16 18 19 | 19.5
Air Magic      | 2 5 7 9 10 | 10.0
Dodging        | 3 4 6 7 11 14 15 | 15.0
Evocations     | 1 3 5 6 8 |  8.3
Throwing       | 1 2 3 6 |  6.0
Summonings     | 5 |  5.0
Armour         | 1 2 3 5 7 10 12 | 12.5
Invocations    | 3 6 8 9 10 13 16 22 24 | 24.3
Translocations | 2 4 6 7 |  7.0
Shields        | 2 5 6 7 9 10 | 10.0
Ice Magic      | 3 12 15 16 17 20 22 23 | 23.6
Earth Magic    | 1 2 7 |  7.0
Alchemy        | 3 7 10 12 | 12.0
Stealth        | 7 |  7.3

Action                     |  1- 3 |  4- 6 |  7- 9 | 10-12 | 13-15 | 16-18 | 19-21 | 22-24 | 25-27 || total
---------------------------+-------+-------+-------+-------+-------+-------+-------+-------+-------++-------
  Melee: Dagger            |     7 |       |       |       |       |       |       |       |       ||     7
         Staff             |       |     7 |     7 |     5 |     9 |     2 |    23 |    41 |    13 ||   107
         Punch             |       |     1 |       |       |       |       |       |       |       ||     1
  Throw: Dart              |       |       |       |     5 |     1 |       |       |     1 |     1 ||     8
         Throwing net      |       |       |       |     1 |       |       |       |       |       ||     1
   Cast: Magic Dart        |    63 |    92 |   125 |   112 |    94 |     2 |       |       |       ||   488
         Searing Ray       |     1 |     8 |     5 |       |       |       |       |       |       ||    14
         Static Discharge  |       |     2 |   118 |   115 |   188 |     1 |     2 |       |       ||   426
         Airstrike         |       |       |     9 |   110 |   326 |       |     5 |       |       ||   450
         Summon Lightning  |       |       |       |    32 |    56 |       |       |       |       ||    88
         Passwall          |       |       |       |       |    13 |       |     1 |     5 |     3 ||    22
         Ozocubu's Refrige |       |       |       |       |     8 |   495 |   418 |   195 |   495 ||  1611
         Iskenderun's Myst |       |       |       |       |     1 |     4 |    13 |     1 |     4 ||    23
         Irradiate         |       |       |       |       |       |    15 |    48 |    64 |    77 ||   204
         Stone Arrow       |       |       |       |       |       |       |   103 |    69 |     2 ||   174
         Polar Vortex      |       |       |       |       |       |       |    12 |   108 |   101 ||   221
         Lee's Rapid Decon |       |       |       |       |       |       |       |     5 |     3 ||     8
         Blink             |       |       |       |       |       |       |       |     5 |       ||     5
         Apportation       |       |       |       |       |       |       |       |       |    12 ||    12
 Invoke: Purification      |       |       |       |     1 |       |     5 |     1 |     3 |     2 ||    12
         Heal Self         |       |       |       |       |     8 |     4 |       |     1 |       ||    13
         Heal Other        |       |       |       |       |     6 |     7 |       |       |     2 ||    15
         Divine Vigour     |       |       |       |       |       |       |       |     2 |       ||     2
  Evoke: Wand              |       |     2 |       |     7 |     3 |     8 |    12 |    50 |    27 ||   109
         Lightning rod     |       |       |       |     5 |    23 |    13 |    11 |    18 |    15 ||    85
         Sack of spiders   |       |       |       |       |       |       |       |       |     1 ||     1
         Condenser vane    |       |       |       |       |       |       |       |       |     1 ||     1
    Use: Scroll            |     2 |     1 |     6 |    15 |     9 |    13 |    11 |     8 |    12 ||    77
         Potion            |       |       |       |       |     1 |     9 |     1 |    14 |    20 ||    45
 Armour: Robe              |     8 |    23 |   225 |    10 |       |       |       |       |       ||   266
         Steam dragon scal |       |       |       |   238 |   507 |    15 |       |       |       ||   760
         Troll leather arm |       |       |       |       |       |    87 |   143 |   364 |   286 ||   880
  Dodge: Dodged            |    18 |    19 |    68 |    76 |   169 |    49 |    78 |   185 |   160 ||   822
  Block: Buckler           |       |       |       |     3 |    64 |    18 |    61 |   284 |   158 ||   588
         Reflection        |       |       |       |       |       |       |    10 |     9 |    16 ||    35

Table legend: (Time is in decaauts)
 A = Elapsed time spent in this place.
 B = Non-inter-level travel time spent in this place.
 C = Inter-level travel time spent in this place.
 D = Time resting spent in this place.
 E = Time spent auto-exploring this place.
 F = Levels seen in this place.
 G = Mean time per level.
                   A        B        C        D        E       F      G
               +--------+--------+--------+--------+--------+-----+--------+
         Total | 103163 |  92709 |  10454 |  14948 |  62694 |  61 | 1691.2 |
       Dungeon |  24936 |  21437 |   3499 |   2374 |  15835 |  15 | 1662.4 |
        Temple |     50 |      9 |     41 |      0 |      0 |   1 |   50.0 |
          Lair |   9036 |   7021 |   2015 |    284 |   5627 |   5 | 1807.2 |
        Shoals |   5376 |   5130 |    246 |    296 |   3989 |   4 | 1344.0 |
     Snake Pit |   7206 |   6542 |    664 |    512 |   5127 |   4 | 1801.5 |
    Slime Pits |   7101 |   6617 |    484 |   2665 |   3109 |   5 | 1420.2 |
  Orcish Mines |   2178 |   1733 |    445 |    105 |   1312 |   2 | 1089.0 |
   Elven Halls |   5552 |   5274 |    278 |   1284 |   3053 |   3 | 1850.7 |
        Vaults |  16781 |  14867 |   1914 |   1266 |  11670 |   5 | 3356.2 |
         Crypt |   5029 |   4837 |    192 |    567 |   3051 |   3 | 1676.3 |
        Depths |   8968 |   8494 |    474 |   1451 |   5666 |   4 | 2242.0 |
           Zot |   9008 |   8812 |    196 |   3530 |   3623 |   5 | 1801.6 |
        Bazaar |    312 |    312 |      0 |      0 |    154 |   2 |  156.0 |
         Trove |     46 |     46 |      0 |      0 |      5 |   1 |   46.0 |
        Bailey |    433 |    433 |      0 |      0 |    279 |   1 |  433.0 |
      Ice Cave |   1144 |   1144 |      0 |    613 |    189 |   1 | 1144.0 |
               +--------+--------+--------+--------+--------+-----+--------+

Top non-repeatable levels by time:
Vaults:3: 3842 daAuts
Vaults:4: 3627 daAuts
 Slime:5: 3608 daAuts
Vaults:5: 3515 daAuts
   Zot:5: 3267 daAuts
Vaults:1: 3122 daAuts
Depths:2: 3038 daAuts
Depths:4: 2869 daAuts
    D:11: 2765 daAuts
Vaults:2: 2673 daAuts
   Elf:3: 2667 daAuts
  Lair:5: 2643 daAuts
 Crypt:3: 2450 daAuts
   Zot:1: 2403 daAuts
  Lair:1: 2185 daAuts
